 Dungeon Crawl Stone Soup version 0.29-a0-323-g050149af67 (webtiles) character file.

Game seed: 15521778151187922106

460 Flugslaktarn the Stinger (level 7, -5/46 HPs)
             Began as a Human Venom Mage on Apr 10, 2022.
             Killed from afar by a steam dragon (21 damage)
             ... with a ball of steam
             ... on level 4 of the Dungeon.
             The game lasted 00:08:18 (1628 turns).

Flugslaktarn the Stinger (Human Venom Mage)         Turns: 1628, Time: 00:08:19

Health: -5/46      AC:  3    Str:  8    XL:     7   Next: 28%
Magic:  11/11      EV: 12    Int: 18    God:
Gold:   198        SH:  0    Dex: 13    Spells: 6/12 levels left

rFire   . . .      SeeInvis .   i - +2 dagger (venom)
rCold   . . .      Faith    .   (no shield)
rNeg    . . .      Spirit   .   a - +0 robe
rPois   .          Reflect  .   x - +0 helmet
rElec   .          Harm     .   (no cloak)
rCorr   .          Rampage  .   (no gloves)
Will    .....                   (no boots)
Stlth   ++........              (no amulet)
HPRegen 0.15/turn               (no ring)
MPRegen 0.12/turn               (no ring)

@: attractive
A: no striking features
a: no special abilities


You were on level 4 of the Dungeon.
You visited 1 branch of the dungeon, and saw 4 of its levels.

You collected 198 gold pieces.

Inventory:

Hand Weapons
 c - a +0 spear
   (You found it on level 1 of the Dungeon)
 i - a +2 dagger of venom (weapon)
   (You took it off Jessica on level 2 of the Dungeon)
 n - a +0 great sword
   (You found it on level 1 of the Dungeon)
 t - a +3 dagger
   (You took it off an orc wizard on level 4 of the Dungeon)
Armour
 a - a +0 robe (worn)
 g - +0 swamp dragon scales
   (You found it on level 3 of the Dungeon)
 x - a +0 helmet (worn)
   (You found it on level 4 of the Dungeon)
Magical Staves
 v - a staff of death
   (You found it on level 3 of the Dungeon)
Wands
 k - a wand of iceblast (7)
   (You found it on level 2 of the Dungeon)
Scrolls
 f - a scroll of noise
 h - a scroll of summoning {unknown}
 j - a scroll of acquirement {unknown}
 m - a scroll of enchant weapon {unknown}
 p - a scroll of teleportation {unknown}
 u - a scroll of holy word {unknown}
 z - a scroll of blinking
Potions
 b - a potion of magic
 l - a potion of lignification
 q - 2 potions of curing
 s - a potion of mutation {unknown}
 w - a potion of heal wounds {unknown}


   Skills:
 - Level 2.0 Dodging
 - Level 2.0 Stealth
 - Level 3.0 Spellcasting
 - Level 2.0 Transmutations
 - Level 2.0 Air Magic
 + Level 6.7 Poison Magic


You had 6 spell levels left.
You knew the following spells:

 Your Spells              Type           Power      Damage    Failure   Level
a - Sting                 Tmut/Pois      72%        1d6       2%          1
b - Poisonous Vapours     Pois/Air       36%        N/A       4%          2
c - Mephitic Cloud        Conj/Pois/Air  13%        N/A       16%         3

Your spell library contained the following spells:

 Spells                   Type           Power      Damage    Failure   Level
 Olgreb's Toxic Radiance  Pois           26%        N/A       11%         4
 Call Canine Familiar     Summ           2%         N/A       43%         3
 Portal Projectile        Hex/Tloc       4%         N/A       43%         3
 Leda's Liquefaction      Hex/Erth       1%         N/A       85%         4


Dungeon Overview and Level Annotations

Branches:
Dungeon (4/15)
 Temple: D:4-7

Altars:


Message History

Casting: Sting (safe; 2% risk of failure)
Confirm with . or Enter, or press ? or * to list all spells.
Aiming: Sting (safe; 2% risk of failure)
Press: ? - help, Shift-Dir - straight line, f - goblin
Aim: a goblin, wielding a +0 club (wandering, hasn't noticed you, 67% to hit)
The sting hits the goblin.
The goblin is poisoned.
You kill the goblin!
The kobold shouts!
Casting: Sting (safe; 2% risk of failure)
Confirm with . or Enter, or press ? or * to list all spells.
You can't see any susceptible monsters within range! (Use Z to cast anyway.)
Casting: Sting (safe; 2% risk of failure)
Confirm with . or Enter, or press ? or * to list all spells.
Aiming: Sting (safe; 2% risk of failure)
Press: ? - help, Shift-Dir - straight line, f - kobold
Aim: a kobold, wielding a +0 club and wearing a +0 plate armour (77% to hit)
The sting hits the kobold but does no damage.
The kobold is poisoned.
Casting: Sting (safe; 2% risk of failure)
Confirm with . or Enter, or press ? or * to list all spells.
Aiming: Sting (safe; 2% risk of failure)
Press: ? - help, Shift-Dir - straight line, f/p - kobold
Aim: a kobold, wielding a +0 club and wearing a +0 plate armour (poisoned, 77% to hit)
The sting hits the kobold.
The kobold looks even sicker.
The kobold is moderately wounded.
You kill the kobold!
r - 2 scrolls of identify (gained 1)
Things that are here:
a +0 club; a +0 plate armour; a kobold corpse You now have 198 gold pieces (gained 15).
Things that are here:
a +0 club; a goblin corpse
As you read the scroll of identify, it crumbles to dust.
d - a scroll of blinking;
z - a scroll of blinking
As you read the scroll of identify, it crumbles to dust.
f - a scroll of noise Unknown command.
The gnoll shouts!
The steam dragon hisses angrily.
The steam dragon breathes steam at you. The ball of steam hits you.
Really walk into that cloud of steam?
Okay, then.
The gnoll shouts!
Unknown command.
Okay, then.
Unknown command.
Okay, then.
It was a potion of attraction.
You feel attractive to monsters. The gnoll is attracted toward you. x2
Unknown command.
Unknown command.
Unknown command.
Aiming: Iceblast
Press: ? - help, Shift-Dir - straight line The mass of ice explodes!
The iceblast engulfs the gnoll!
The gnoll is severely wounded.
The iceblast engulfs the gnoll!
The gnoll is heavily wounded.
You hear a shout!
The gnoll is attracted toward you.
Aiming: Iceblast
Press: ? - help, Shift-Dir - straight line The mass of ice explodes!
The iceblast engulfs the gnoll!
You kill the gnoll!
The gnoll drinks a potion.
The gnoll seems to grow stronger.
The steam dragon is attracted toward you.
Unknown command.
Okay, then.
Unknown command.
As you read the scroll of fear, it crumbles to dust.
You assume a fearsome visage.
The gnoll looks frightened!
The steam dragon looks frightened!
The gnoll is attracted toward you.
The steam dragon is attracted toward you.
Unknown command.
You completely miss the steam dragon. The gnoll is attracted toward you.
The steam dragon is attracted toward you.
The gnoll is attracted toward you.
Unknown command.
You hit the steam dragon.
The steam dragon is poisoned.
Your attack snaps the steam dragon out of its fear.
The steam dragon is lightly wounded.
The steam dragon misses you. The steam dragon claws you.
The gnoll is attracted toward you. x2
Unknown command.
You hit the steam dragon.
The steam dragon looks as sick as possible!
The steam dragon is lightly wounded.
The steam dragon barely misses you. The steam dragon claws you.
The gnoll is attracted toward you.
Unknown command.
You closely miss the gnoll.
The gnoll is heavily wounded.
The gnoll barely misses you. The steam dragon barely misses you. x2
The gnoll is attracted toward you.
Unknown command.
The steam dragon breathes steam at you. The ball of steam hits you!!
You die...

≈≈≈≈≈≈≈≈≈≈≈≈≈..≈#.# #.# ##.
≈≈≈≈≈≈≈≈≈≈≈≈≈..≈≈≈###.########.#
≈≈≈..#≈≈≈≈≈≈≈..≈≈≈≈≈≈......##.##
#.##.##.#≈≈≈≈..≈≈≈≈≈≈≈≈≈≈#.#.≈≈≈
#.##. #.....≈..≈≈≈≈≈≈≈≈≈≈≈≈≈≈≈≈≈
... ..#.##8g§8≈≈≈≈≈≈≈≈≈≈≈≈≈≈≈≈
#.####.##8).8###≈≈≈≈≈≈≈≈≈≈≈≈≈
###..###.....g.# #####≈≈≈≈≈≈≈≈#
#.......###..D@########.######.
#.##.##.# ##...##... ...# ..
#..#.##.####...##.## #..# # #
#.<##.>.......§..###..##.###
##.))......................D
#.###.......÷)..D###..##.### ...
...####...##.####.D##....
#.######## #...##...........# #
#...#####..#.##..#


You could see a steam dragon (extremely poisoned, catching breath) and 2 gnolls.

Vanquished Creatures
  A phantom (D:4)
  A bullfrog (D:4)
  An orc priest (D:4)
  2 hounds (D:4)
  Jessica (D:2)
  An iguana (D:4)
  2 orc wizards (D:4)
  A gnoll (D:4)
  5 adders
  A shadow imp (D:3)
  A dart slug (D:4)
  11 orcs (D:4)
  4 bats
  5 endoplasms
  2 giant cockroaches
  4 goblins
  3 hobgoblins
  4 jackals (D:4)
  4 kobolds
  A quokka (D:2)
  A ball python (D:1)
  2 frilled lizards
  8 rats
66 creatures vanquished.

Notes
Turn   | Place    | Note
-------+----------+-------------------------------------------
     0 | D:1      | Flugslaktarn the Human Venom Mage began the quest for the
                  | Orb.
     0 | D:1      | Reached XP level 1. HP: 13/13 MP: 3/3
   146 | D:2      | Reached XP level 2. HP: 18/19 MP: 3/5
   147 | D:2      | Noticed Jessica
   157 | D:2      | Killed Jessica
   158 | D:2      | Reached XP level 3. HP: 24/24 MP: 1/6
   187 | D:2      | Learned a level 2 spell: Poisonous Vapours
   349 | D:2      | Reached XP level 4. HP: 23/30 MP: 5/7
   558 | D:2      | Reached skill level 1 in Air Magic
   707 | D:4      | Learned a level 3 spell: Mephitic Cloud
   825 | D:4      | Reached XP level 5. HP: 11/35 MP: 3/9
   880 | D:4      | Reached skill level 4 in Poison Magic
  1125 | D:4      | Noticed a phantom
  1308 | D:4      | Reached XP level 6. HP: 39/41 MP: 1/10
  1331 | D:4      | Reached skill level 5 in Poison Magic
  1366 | D:4      | Noticed a steam dragon
  1384 | D:4      | Reached skill level 6 in Poison Magic
  1416 | D:4      | Reached XP level 7. HP: 17/46 MP: 0/11
  1628 | D:4      | Killed from afar by a steam dragon

Illustrated notes

Levels and vault maps discovered:
D:1:      kennysheep_arrival_seaside, layout_rooms,
          dreamdust_ecumenical_altar_grove, minmay_misc_feat_roman,
          minmay_pentomino_s4
D:2:      layout_basic, uniq_jessica
D:3:      layout_basic
D:4:      wander_river, layout_loops_cross, serial_glass, glass_columns_a,
          glass_columns_a, moated_statue, minmay_manual_monstrance

Skill      XL: |  1  2  3  4  5  6 |
---------------+-------------------+-----
Transmutations | 2 |  2.0
Air Magic      | 2 |  2.0
Spellcasting   | 3 |  3.0
Poison Magic   | 4 6 |  6.7
Dodging        | |  2.0
Stealth        | |  2.0

Action                   |  1- 3 |  4- 6 |  7- 9 || total
-------------------------+-------+-------+-------++-------
Melee: Unarmed           |     7 |    11 |       ||    18
       Spear             |     2 |       |       ||     2
       Dagger            |    17 |    38 |    15 ||    70
 Cast: Sting             |    24 |    63 |    11 ||    98
       Mephitic Cloud    |       |     1 |       ||     1
       Poisonous Vapours |       |     2 |     1 ||     3
Evoke: Wand              |       |     2 |     3 ||     5
  Use: Scroll            |       |     3 |     3 ||     6
       Potion            |       |     2 |     1 ||     3
 Stab: Sleeping          |       |     1 |       ||     1
Armor: Robe              |     4 |    16 |     2 ||    22
       Skin              |       |    10 |       ||    10
Dodge: Dodged            |    18 |    49 |    10 ||    77

Table legend: (Time is in decaauts)
 A = Elapsed time spent in this place.
 B = Non-inter-level travel time spent in this place.
 C = Inter-level travel time spent in this place.
 D = Time resting spent in this place.
 E = Time spent auto-exploring this place.
 F = Levels seen in this place.
 G = Mean time per level.
                   A        B        C        D        E       F      G
               +--------+--------+--------+--------+--------+-----+--------+
         Total |   1640 |   1494 |    146 |      0 |      0 |   4 |  410.0 |
       Dungeon |   1640 |   1494 |    146 |      0 |      0 |   4 |  410.0 |
               +--------+--------+--------+--------+--------+-----+--------+

Top non-repeatable levels by time:
     D:4: 619 daAuts
     D:3: 575 daAuts
     D:2: 259 daAuts
     D:1: 187 daAuts
